 Dungeon Crawl Stone Soup version 0.27-a0-998-g4cfe56dd59 (webtiles) character file.

Game seed: 3515364231337095880

72 siradein the Magician (level 4, 0/31 HPs)
             Began as a Djinni Fire Elementalist on Apr 16, 2021.
             Slain by an orc wizard
             ... wielding a +0 dagger
              (5 damage)
             ... on level 3 of the Dungeon.
             The game lasted 00:03:42 (2051 turns).

siradein the Magician (Djinni Fire Elementalist)    Turns: 2051, Time: 00:03:43

Health: 0/31       AC:  2    Str:  7    XL:     4   Next: 26%
Gold:   104        EV: 12    Int: 18    God:
                   SH:  0    Dex: 13

rFire    + + .     SeeInvis .   (no weapon)
rCold    x . .     Faith    .   (no shield)
rNeg     . . .     Spirit   .   a - +0 robe
rPois    ∞         Reflect  .   (no helmet)
rElec    .         Harm     .   (no cloak)
rCorr    .         Rampage  .   (no gloves)
Will     .....                  (boots unavailable)
Stlth    ++........             (no amulet)
HPRegen  0.10/turn              (no ring)
MPRegen  0.00/turn              (no ring)

@: flying
A: fire resistance 2, cold vulnerability 1, float, innate caster, hp casting,
extra vitality 1
a: no special abilities


You were on level 3 of the Dungeon.
You visited 1 branch of the dungeon, and saw 3 of its levels.

You collected 104 gold pieces.

Inventory:

Armour
 a - a +0 robe (worn)
Jewellery
 c - a ring of flight
 g - a ring of positive energy
Scrolls
 b - 2 scrolls of noise {unknown}
 e - 2 scrolls of identify {unknown}
 i - 2 scrolls of teleportation {unknown}
 j - a scroll of enchant armour {unknown}
 k - a scroll of brand weapon {unknown}
Potions
 d - a potion of haste {unknown}
 f - a potion of berserk rage {unknown}
 h - a potion of invisibility {unknown}
 l - a potion of lignification {unknown}


   Skills:
 - Level 2.1 Dodging
 - Level 1.5 Stealth
 + Level 4.3 Spellcasting


You couldn't memorise any spells.
You knew the following spells:

 Your Spells              Type           Power      Damage    Failure   Level
a - Foxfire               Conj/Fire      76%        2x1d7     2%          1
b - Conjure Flame         Conj/Fire      19%        6-21      8%          3
c - Inner Flame           Hex/Fire       19%        N/A       8%          3
d - Sticky Flame          Conj/Fire      19%        2d4       24%         4
e - Fireball              Conj/Fire      9%         3d6       56%         5
f - Apportation           Tloc           38%        N/A       2%          1
Your spell library was empty.

Dungeon Overview and Level Annotations

Branches:
Dungeon (3/15)

Altars:


Innate Abilities, Weirdness & Mutations

You are immune to poison.
Your flesh is very heat resistant. (rF++)
You are vulnerable to cold. (rC-)
You float through the air rather than walking.
You learn spells naturally, not from books.
Your magical power is your life essence.
You have superior vitality. (+4 HP)


Message History

The orc wizard is heavily wounded.
The foxfire hits the orc wizard.
The orc wizard is heavily wounded.
Casting: Foxfire (safe; 2% risk of failure)
Press: ? - help, Q - select action, (/) - cycle Dir - look around, f - activate You conjure some foxfire!
The orc wizard hits you with a +0 dagger.
The foxfire hits the orc wizard.
The orc wizard is severely wounded.
The foxfire hits the orc wizard.
The orc wizard is almost dead.
The orc priest calls down the wrath of Beogh upon you.
Beogh smites you! The orc wizard barely misses you.
Casting: Foxfire (safe; 2% risk of failure)
Press: ? - help, Q - select action, (/) - cycle Dir - look around, f - activate You conjure some foxfire!
The orc wizard gestures at you while chanting.
You are confused.
The foxfire hits the orc wizard.
The orc wizard is almost dead.
The foxfire hits the orc wizard but does no damage.
The orc wizard is almost dead.
The orc priest hits you but does no damage.
The orc wizard misses you.
You're too confused to cast spells.
You're too confused to cast spells.
The orc priest hits you with a +0 short sword.
The orc wizard hits you but does no damage.
The orc wizard casts a spell at itself.
The orc wizard flickers and vanishes!
Deactivating autopickup; reactivate with Ctrl-A.
You barely miss something. The orc priest closely misses you.
Something hits you.
* * * LOW HITPOINT WARNING * * *
You closely miss something.
You feel less confused.
The orc priest hits you with a +0 short sword.
* * * LOW HITPOINT WARNING * * *
Something hits you.
You die...

# ####.##### #........#
#.##.###.# # #.##.# #.#
.# #....# #.# .# #.####
#.# #.# ##.## #.# ##..#
###...#####.#####.).####
................@o.....+
###..############{..####
##.# ..)..... ###
.###)###.# #. .# . .. #.
## #


You could see an orc priest.

Vanquished Creatures
  A gnoll (D:1)
  An adder (D:2)
  2 worms
  2 dart slugs
  3 orcs (D:3)
  4 ball pythons
  2 endoplasms
  2 giant cockroaches
  4 hobgoblins
  2 jackals (D:1)
  5 kobolds
  A quokka (D:1)
  4 bats
  3 frilled lizards (D:1)
  4 goblins
  A rat (D:1)
41 creatures vanquished.

Vanquished Creatures (collateral kills)
  A foxfire (D:1)
1 creature vanquished.

Vanquished Creatures (others)
  108 foxfires
  4 toadstools (D:1)
112 creatures vanquished.

Grand Total: 154 creatures vanquished

Notes
Turn   | Place    | Note
-------+----------+-------------------------------------------
     0 | D:1      | siradein the Djinni Fire Elementalist began the quest for
                  | the Orb.
     0 | D:1      | Reached XP level 1. HP: 15/15 MP: 0/0
   195 | D:1      | Reached skill level 3 in Spellcasting
   285 | D:1      | Reached XP level 2. HP: 19/21 MP: 0/0
   610 | D:1      | Reached XP level 3. HP: 18/25 MP: 0/0
   610 | D:1      | Learned a level 1 spell: Apportation
  1461 | D:2      | Reached skill level 4 in Spellcasting
  1655 | D:2      | Reached XP level 4. HP: 30/31 MP: 0/0
  2051 | D:3      | Slain by an orc wizard

Illustrated notes

Levels and vault maps discovered:
D:1:      ldierk_walled_garden_2, layout_basic, minmay_tiny_reverse_x
D:2:      layout_rooms
D:3:      layout_loops_corners, kennysheep_generic_room_8

Skill      XL: |  1  2  3 |
---------------+----------+-----
Spellcasting   | 3 4 |  4.3
Dodging        | |  2.1
Stealth        | |  1.5

Action                   |  1- 3 |  4- 6 || total
-------------------------+-------+-------++-------
Melee: Unarmed           |       |     2 ||     2
 Cast: Foxfire           |    51 |    16 ||    67
Armor: Robe              |       |     3 ||     3
Dodge: Dodged            |     4 |     4 ||     8

Table legend: (Time is in decaauts)
 A = Elapsed time spent in this place.
 B = Non-inter-level travel time spent in this place.
 C = Inter-level travel time spent in this place.
 D = Time resting spent in this place.
 E = Time spent auto-exploring this place.
 F = Levels seen in this place.
 G = Mean time per level.
                   A        B        C        D        E       F      G
               +--------+--------+--------+--------+--------+-----+--------+
         Total |   2051 |   2000 |     51 |      9 |   1742 |   3 |  683.7 |
       Dungeon |   2051 |   2000 |     51 |      9 |   1742 |   3 |  683.7 |
               +--------+--------+--------+--------+--------+-----+--------+

Top non-repeatable levels by time:
     D:1: 1281 daAuts
     D:2: 556 daAuts
     D:3: 213 daAuts
